 Dungeon Crawl Stone Soup version 0.30-a0-29-g142975f185 (webtiles) character file.

Game seed: 473561655091706430

23 frimble the Gusty (level 2, 0/19 HPs)
             Began as a Demonspawn Air Elementalist on Aug 26, 2022.
             Slain by a gnoll
             ... wielding a +0 whip
              (9 damage)
             ... on level 2 of the Dungeon.
             The game lasted 00:01:17 (1469 turns).

frimble the Gusty (Demonspawn Air Elementalist)     Turns: 1469, Time: 00:01:17

Health: 0/19       AC:  5    Str:  8    XL:     2   Next: 75%
Magic:  5/5        EV: 12    Int: 16    God:
Gold:   52         SH:  0    Dex: 13    Spells: 4/5 levels left

rFire   . . .      SeeInvis .    i - +0 dagger (flame)
rCold   . . .      Faith    .    (no shield)
rNeg    . . .      Spirit   .    a - +0 robe
rPois   .          Reflect  .    (helmet restricted)
rElec   .          Harm     .    (no cloak)
rCorr   .          Rampage  .    (no gloves)
Will    .....                    f - +2 pair of boots
Stlth   ++........               (no amulet)
HPRegen 0.06/turn                (no ring)
MPRegen 0.09/turn                (no ring)

@: no status effects
A: horns 1
a: no special abilities


You were on level 2 of the Dungeon.
You visited 1 branch of the dungeon, and saw 2 of its levels.

You collected 52 gold pieces.

Inventory:

Hand Weapons
 i - a +0 dagger of flaming (weapon)
Armour
 a - a +0 robe (worn)
 f - a +2 pair of boots (worn)
Scrolls
 c - a scroll of identify
 e - a scroll of vulnerability
Potions
 b - 2 potions of magic
 d - a potion of lignification {unknown}
 g - a potion of flight {unknown}


   Skills:
 + Level 0.3 Short Blades
 - Level 2.0 Dodging
 - Level 2.0 Stealth
 - Level 2.0 Spellcasting
 + Level 1.7 Conjurations
 + Level 3.1 Air Magic


You had 4 spell levels left.
You knew the following spells:

 Your Spells              Type           Power      Damage    Failure   Level
a - Shock                 Conj/Air       36%        1d5       8%          1

Your spell library contained the following spells:

 Spells                   Type           Power      Damage    Failure   Level
 Static Discharge         Conj/Air       18%        3-5/arc   12%         2
 Swiftness                Air            11%        N/A       17%         3
 Airstrike                Air            5%         2d(1-17)  50%         4


Dungeon Overview and Level Annotations

Branches:
Dungeon (2/15)

Altars:

Shops:
D:1 [


Innate Abilities, Weirdness & Mutations

You have a pair of small horns on your head.


Message History

As you read the scroll labelled FUDOZY ZIENUA, it crumbles to dust.
It is a scroll of brand weapon.
Your +0 dagger is engulfed in flames!
i - a +0 dagger of flaming (weapon)
As you read the scroll of enchant armour, it crumbles to dust.
Your +1 pair of boots glows green for a moment.
(D) Dungeon
Where to? (Enter - D:1 @ (x,y), ? - help)
There is a stone staircase leading down here.
You climb downwards.
Found a scroll labelled KOT KITOCROT, a robe, a ring mail and 9 gold pieces.
There is a stone staircase leading up here.
h - a scroll labelled KOT KITOCROT A ball python comes into view.
Found a stone staircase leading down.
A ball python is nearby!
As you read the scroll labelled KOT KITOCROT, it crumbles to dust.
You feel strangely unstable.
It was a scroll of teleportation.
The ball python bites you but does no damage.
The ball python misses you.
You barely miss the ball python. You headbutt the ball python.
You kill the ball python!
Your surroundings suddenly seem different. 3 gnolls come into view.
Found a +0 spear and a golden potion.
The gnoll shouts! x2
A frilled lizard comes into view.
You hit the gnoll but do no damage. Your headbutt misses the gnoll.
The gnoll barely misses you.
You hit the gnoll. You burn the gnoll.
The gnoll is lightly wounded.
The gnoll hits you with a +0 whip! The gnoll hits you with a +0 whip.
You are too injured to fight recklessly!
You are too injured to fight recklessly!
You are too injured to fight recklessly!
You are too injured to fight recklessly!
You are too injured to fight recklessly!
You are too injured to fight recklessly!
The gnoll attacks as you move away! The gnoll hits you with a +0 whip!
You die...

# . #. ...
#.###+#....
..###.....l....
.......@g.g....
.!..##..g......
# #.........
#.........
####+#####


You could see 3 gnolls and a frilled lizard.

Vanquished Creatures
  3 ball pythons
  An endoplasm (D:1)
  3 goblins (D:1)
  3 hobgoblins (D:1)
  A kobold (D:1)
  2 quokkas (D:1)
  3 bats (D:1)
  2 frilled lizards (D:1)
  3 rats (D:1)
21 creatures vanquished.

Notes
Turn   | Place    | Note
-------+----------+-------------------------------------------
     0 | D:1      | frimble the Demonspawn Air Elementalist began the quest for
                  | the Orb.
     0 | D:1      | Reached XP level 1. HP: 13/13 MP: 3/3
   140 | D:1      | Found Apoja's Armour Boutique.
   375 | D:1      | Gained mutation: You have a pair of small horns on your
                  | head. [demonic ancestry]
   375 | D:1      | Reached XP level 2. HP: 8/19 MP: 0/5
   818 | D:1      | Reached skill level 3 in Air Magic
  1469 | D:2      | Slain by a gnoll

Illustrated notes

Levels and vault maps discovered:
D:1:      nzn_arrival_settlement, layout_loops_ring, serial_shops,
          nicolae_shop_trees, minmay_misc_feat_x
D:2:      layout_basic, shapermc_ecumenical_altar_rom_forum,
          minmay_crystal_room, moated_statue, minmay_pentomino_s2

Skill      XL: |  1  2 |
---------------+-------+-----
Stealth        | 2 |  2.0
Dodging        | 2 |  2.0
Air Magic      | 3 |  3.1
Short Blades   | |  0.3
Spellcasting   | |  2.0
Conjurations   | |  1.7

Action                   || total
-------------------------++-------
Melee: Unarmed           ||    31
       Dagger            ||    20
       Headbutt          ||     3
       Punch             ||     1
 Cast: Shock             ||    24
  Use: Scroll            ||     5
 Stab: Sleeping          ||     2
Armor: Robe              ||     9
Dodge: Dodged            ||    35

Table legend: (Time is in decaauts)
 A = Elapsed time spent in this place.
 B = Non-inter-level travel time spent in this place.
 C = Inter-level travel time spent in this place.
 D = Time resting spent in this place.
 E = Time spent auto-exploring this place.
 F = Levels seen in this place.
 G = Mean time per level.
                   A        B        C        D        E       F      G
               +--------+--------+--------+--------+--------+-----+--------+
         Total |   1468 |   1438 |     30 |      0 |   1254 |   2 |  734.0 |
       Dungeon |   1468 |   1438 |     30 |      0 |   1254 |   2 |  734.0 |
               +--------+--------+--------+--------+--------+-----+--------+

Top non-repeatable levels by time:
     D:1: 1455 daAuts
     D:2: 12 daAuts
